 Dungeon Crawl Stone Soup version 0.17-a0-1056-g838d5c0 (webtiles) character file.

21 Hanyuu the Insei (level 2, -3/18 HPs)
             Began as an Octopode Transmuter on May 16, 2015.
             Slain by a worm (10 damage)
             ... on level 2 of the Dungeon.
             The game lasted 00:01:52 (1107 turns).

Hanyuu the Insei (Octopode Transmuter)              Turns: 1107, Time: 00:01:53

Health: -3/18      AC:  1    Str:  9    XL:     2   Next: 87%
Magic:  4/5        EV: 12    Int: 15    God:
Gold:   87         SH:  0    Dex: 12    Spells: 1 memorised, 4 levels left

rFire  . . .     SeeInvis .       - Unarmed
rCold  . . .     Clarity  .     (no shield)
rNeg   . . .     SustAb   .     (helmet restricted)
rPois  .         Gourm    .     (no amulet)
rElec  .         Spirit   .     (no ring)
rCorr  .         Warding  .     (no ring)
rMut   .         Stasis   .     (no ring)
MR     .....                    (no ring)
Stlth  ++........               (no ring)
                                (no ring)
                                (no ring)
                                (no ring)

@: appendage (expiring), very slightly contaminated, not resistant to hostile
enchantments, unstealthy
A: almost no armour, amphibious, 8 rings, constrict 8, tentacle spike 3,
camouflage 1, gelatinous body 1
a: End Transformation


You were on level 2 of the Dungeon.
You were hungry.
One of your tentacles had a temporary spike.
You visited 1 branch of the dungeon, and saw 2 of its levels.

You collected 87 gold pieces.

Inventory:

Missiles
 a - 12 arrows
 m - 11 poisoned needles
Scrolls
 e - a scroll of remove curse {unknown}
 g - a scroll of teleportation {unknown}
 i - a scroll of amnesia {unknown}
 k - 3 scrolls of identify {unknown}
 l - a scroll of random uselessness {unknown}
 n - a scroll of enchant armour {unknown}
Potions
 d - a potion of resistance {unknown}
 f - a potion of flight {unknown}
 h - a potion of agility {unknown}
 j - a potion of degeneration {unknown}
 o - a potion of haste {unknown}
Books
 b - a book of Changes

   Spells                             Type                      Level
   a - Beastly Appendage              Transmutation                1
   b - Sticks to Snakes               Transmutation                2
   c - Spider Form                    Transmutation/Poison         3
   d - Ice Form                       Ice/Transmutation            4
   e - Blade Hands                    Transmutation                5
Comestibles
 c - 2 bread rations
 p - a slice of pizza


   Skills:
 - Level 1.0 Fighting
 - Level 2.0 Dodging
 + Level 4.0 Unarmed Combat
 - Level 2.0 Spellcasting
 - Level 2.0 Transmutations


You had 4 spell levels left.
You knew the following spells:

 Your Spells              Type           Power        Failure   Level  Hunger
a - Beastly Appendage     Trmt           #.....       12%         1    #......


Dungeon Overview and Level Annotations

Branches:
Dungeon (2/15)

Altars:


Innate Abilities, Weirdness & Mutations

You cannot wear most types of armour.
You are amphibious.
You can wear up to eight rings at the same time.
You can use your tentacles to constrict eight enemies at once.
Your skin changes colour to match your surroundings (Stealth).
Your rubbery body absorbs attacks (AC +1).
One of your tentacles bears a large vicious spike.


Message History

You barely miss the worm. You grab the worm.
You pierce the worm, but do no damage.
You constrict the worm. The worm misses you.
You release your grip on the worm.
You barely miss the worm. You grab the worm.
You pierce the worm, but do no damage.
You constrict the worm. The worm closely misses you.
You release your grip on the worm.
Your transformation is almost over.
You barely miss the worm. Your grab misses the worm. You bludgeon the worm!
You grab the worm.
You pierce the worm.
The worm is heavily wounded.
You constrict the worm. The worm bites you!
Ouch! That really hurt!
You release your grip on the worm.
You tentacle-slap the worm. You grab the worm.
The worm is heavily wounded.
You constrict the worm. The worm bites you!
Ouch! That really hurt!
You die...

..# #.# #.#
#.# #.# #####
###.###.....#
#....†......#
#.#w##.......
##<#@#
l.....#
#....#
......#
#..###
.###### #..#
.# #..> .#
#.## ## #. ##


You could see a worm.

Vanquished Creatures
  3 giant geckos (D:1)
  5 hobgoblins (D:1)
  2 bats (D:1)
  A giant newt (D:2)
  3 goblins (D:1)
  3 kobolds (D:1)
  2 rats (D:1)
19 creatures vanquished.

Notes
Turn   | Place    | Note
--------------------------------------------------------------
     0 | D:1      | Hanyuu the Octopode Transmuter began the quest for the Orb.
     0 | D:1      | Reached XP level 1. HP: 13/13 MP: 3/3
   459 | D:1      | Reached XP level 2. HP: 18/18 MP: 3/5
   935 | D:1      | Reached skill level 4 in Unarmed Combat
  1107 | D:2      | Slain by a worm

Vault maps used:
D:1:      onia_arrival_pyramid
D:2:      lemuel_coloured_pillars_altar, grunt_temple_overflow_cloverleaf,
          minivault_27

Action                   || total
-------------------------++-------
Melee: Unarmed           ||    47
 Cast: Beastly Appendage ||     2
 Stab: Sleeping          ||     1
